 Dungeon Crawl Stone Soup version 0.30-a0-718-geaa24f58ff (webtiles) character file.

Game seed: 17897644573203335239

3120 IdlyInterested the Slicer (level 9, -4/61 HPs)
             Began as a Demonspawn Gladiator on Jan 25, 2023.
             Was a Believer of Dithmenos.
             Slain by Amaemon
             ... wielding a +1 demon whip of venom
              (7 damage)
             ... on level 8 of the Dungeon.
             The game lasted 00:22:20 (8704 turns).

IdlyInterested the Slicer (Demonspawn Gladiator)    Turns: 8704, Time: 00:22:20

Health: -4/61      AC: 16    Str: 15    XL:     9   Next: 60%
Magic:  9/9        EV: 12    Int: 10    God:    Dithmenos [**....]
Gold:   35         SH:  0    Dex: 18    Spells: 8/8 levels left

rFire   . . .      SeeInvis .    t - +2 short sword (venom)
rCold   . . .      Faith    .    (no shield)
rNeg    . . .      Spirit   .    C - +1 leather armour {rPois}
rPois   +          Reflect  .    c - +1 helmet
rElec   .          Harm     .    (no cloak)
rCorr   .          Rampage  .    (no gloves)
Will    .....                    (boots unavailable)
Stlth   ++                       B - amulet of magic regeneration
HPRegen 0.30/turn                j - +4 ring of protection
MPRegen 0.62/turn                q - +4 ring of slaying

@: lethally poisoned (-4 -> -10), weakened, sanguine armoured, wreathed by umbra
A: hooves 3, magic regeneration, sanguine armour 1
a: Renounce Religion, Shadow Step


You were on level 8 of the Dungeon.
You worshipped Dithmenos.
Dithmenos was pleased with you.
You visited 2 branches of the dungeon, and saw 9 of its levels.

You collected 389 gold pieces.
You spent 354 gold pieces at shops.

Inventory:

Hand Weapons
 a - a +2 rapier
 t - a +2 short sword of venom (weapon)
Missiles
 d - 3 throwing nets
 e - a javelin
 i - 41 stones
 n - 7 poisoned darts (quivered)
 u - 6 boomerangs
 E - a curare-tipped dart
Armour
 c - a +1 helmet (worn)
 y - a +2 robe of willpower
 C - a +1 leather armour of poison resistance (worn)
 F - a +2 robe of cold resistance
Jewellery
 j - a +4 ring of protection (left hand)
 m - a ring of protection from cold
 q - a +4 ring of slaying (right hand)
 s - a ring of willpower
 B - an amulet of magic regeneration (around neck)
Wands
 o - a wand of flame (33)
 v - a wand of roots (25)
Scrolls
 b - 2 scrolls of teleportation
 p - 3 scrolls of magic mapping
 r - 2 scrolls of blinking
Potions
 g - 8 potions of curing
 h - a potion of attraction
 k - 6 potions of lignification
 l - a potion of resistance
 w - 2 potions of mutation
 x - a potion of cancellation
 z - a potion of might
 A - a potion of flight
 D - a potion of heal wounds


   Skills:
 - Level 2.0 Fighting
 + Level 12.6 Short Blades
 - Level 1.7 Throwing
 - Level 2.6 Dodging


You had 8 spell levels left.
You didn't know any spells.
Your spell library contained the following spells:

 Spells                   Type           Power      Damage    Failure   Level
 Apportation              Tloc           0%         N/A       43%         1
 Freeze                   Ice            0%         1d3       43%         1
 Necrotise                Necr           0%         1d4       43%         1
 Sandblast                Erth           0%         2d4       43%         1
 Passwall                 Tmut/Erth      0%         N/A       56%         2
 Sublimation of Blood     Necr           0%         N/A       56%         2
 Frozen Ramparts          Ice            0%         1d1       80%         3
 Hailstorm                Conj/Ice       0%         3d3       80%         3
 Stone Arrow              Conj/Erth      0%         3d7       80%         3
 Tukima's Dance           Hex            0%         N/A       80%         3
 Vampiric Draining        Necr           0%         2d6       80%         3
 Leda's Liquefaction      Hex/Erth       0%         N/A       99%         4
 Passage of Golubria      Tloc           0%         N/A       99%         4
 Petrify                  Tmut/Erth      0%         N/A       99%         4
 Agony                    Necr           0%         N/A       100%        5
 Alistair's Intoxication  Tmut/Pois      0%         N/A       100%        5
 Irradiate                Conj/Tmut      0%         3d11      100%        5
 Lee's Rapid Deconstruct  Erth           0%         3d4*      100%        5
 Yara's Violent Unravell  Hex/Tmut       0%         3d3       100%        5
 Statue Form              Tmut/Erth      0%         N/A       100%        6


Dungeon Overview and Level Annotations

Branches:
Dungeon (8/15)             Temple (1/1) D:4
   Lair: D:8-11

Altars:
Ashenzari
Cheibriados
Dithmenos
Fedhas
Gozag
Hepliaklqana
Kikubaaqudgha
Makhleb
Nemelex Xobeh
Okawaru
Qazlal
Ru
Sif Muna
Trog
Uskayaw
Vehumet
Wu Jian
Xom
Yredelemnul

Shops:
D:4 [

Annotations:
D:8 Amaemon


Innate Abilities, Weirdness & Mutations

You have hooves in place of feet.
You regenerate magic rapidly.
When seriously injured, your blood forms armour. (AC +6)


Message History

The scorpion closely misses you.
Amaemon hits you with a +1 demon whip of venom.
* * * LOW HITPOINT WARNING * * *
You are lethally poisoned!
Amaemon completely misses you.
Amaemon tail-slaps you but does no damage.
You are confused.
You feel invigorated.
* * * LOW HITPOINT WARNING * * *
You feel very sick. The scorpion closely misses you. The scorpion misses you.
Amaemon gestures at the scorpion while chanting.
The scorpion seems to grow toxic.
You bump into the rock wall.
You feel very sick. The scorpion misses you.
The scorpion stings you but does no damage.
Amaemon hits you with a +1 demon whip of venom.
* * * LOW HITPOINT WARNING * * *
Amaemon claws you!
* * * LOW HITPOINT WARNING * * *
Amaemon tail-slaps you but does no damage.
You hit Amaemon.
Amaemon looks as sick as possible!
Amaemon is almost dead.
* * * LOW HITPOINT WARNING * * *
You feel sick. The scorpion barely misses you. x2
You're too confused to move!
You feel less invigorated.
You feel less confused.
* * * LOW HITPOINT WARNING * * *
You feel very sick. Amaemon barely misses you. Amaemon misses you.
Amaemon tail-slaps you but does no damage.
The scorpion barely misses you. The scorpion closely misses you.
You barely miss Amaemon.
Amaemon is almost dead.
You feel sick.
Amaemon hits you with a +1 demon whip of venom.
* * * LOW HITPOINT WARNING * * *
Amaemon claws you!
You die...

#...........##
...........###
...........##
########..###
##...#
#######.####
........# .#
......s.# .#
......s@# .#
###...6(# .#
#....#(# .##
#.?..#(#
..#####.
#........
........
#......#.
##...... ....#
# . #......#
..## #. ....#


You could see Amaemon (extremely poisoned) and 2 scorpions.

Vanquished Creatures
  An orange demon (D:8)
  A steam dragon (D:7)
  An acid dragon (D:5)
  4 orc warriors
  3 black bears
  A centaur (D:6)
  2 phantoms (D:6)
  A kobold brigand (D:7)
  A bullfrog (D:7)
  2 gnoll sergeants (D:5)
  6 scorpions
  2 necrophages
  5 hounds
  3 jellies
  2 gnoll boudas
  2 orc priests
  2 iguanas
  Ijyb (D:3)
  4 orc wizards
  24 gnolls
  8 adders
  An ufetubus (D:5)
  5 worms
  2 dart slugs
  34 orcs
  6 ball pythons
  9 endoplasms
  3 giant cockroaches
  6 goblins
  8 hobgoblins
  2 jackals (D:4)
  2 quokkas
  5 frilled lizards
  11 kobolds
  4 rats
174 creatures vanquished.

Vanquished Creatures (others)
  A hobgoblin (D:4)
  A plant (D:5)
2 creatures vanquished.

Grand Total: 176 creatures vanquished

Notes
Turn   | Place    | Note
-------+----------+-------------------------------------------
     0 | D:1      | IdlyInterested the Demonspawn Gladiator began the quest for
                  | the Orb.
     0 | D:1      | Reached XP level 1. HP: 16/16 MP: 1/1
   227 | D:1      | Reached skill level 3 in Short Blades
   757 | D:2      | Gained mutation: You have large cloven feet. [demonic
                  | ancestry]
   757 | D:2      | Reached XP level 2. HP: 20/22 MP: 2/2
  1229 | D:2      | Gained mutation: When seriously injured, your blood forms
                  | armour. (AC +6) [demonic ancestry]
  1229 | D:2      | Reached XP level 3. HP: 24/27 MP: 3/3
  1467 | D:2      | Reached skill level 4 in Short Blades
  1751 | D:2      | Found a faded altar of an unknown god.
  1875 | D:2      | Reached XP level 4. HP: 33/33 MP: 4/4
  2628 | D:3      | Noticed a necrophage
  2637 | D:3      | Killed a necrophage
  2638 | D:3      | Reached skill level 5 in Short Blades
  2789 | D:3      | Reached XP level 5. HP: 38/38 MP: 5/5
  3242 | D:3      | Noticed Ijyb
  3259 | D:3      | Killed Ijyb
  3562 | D:4      | Found a shimmering altar of Xom.
  3568 | D:4      | Reached skill level 6 in Short Blades
  3571 | D:4      | Reached XP level 6. HP: 9/44 MP: 6/6
  3780 | D:4      | Found a staircase to the Ecumenical Temple.
  3804 | Temple   | Entered the Ecumenical Temple
  4006 | Temple   | Became a worshipper of Dithmenos the Shadowed
  4148 | D:4      | Found Nor Heob's Armour Boutique.
  4164 | D:4      | Reached skill level 7 in Short Blades
  4637 | D:4      | Gained mutation: You have hoof-like feet. [demonic
                  | ancestry]
  4637 | D:4      | Reached XP level 7. HP: 30/50 MP: 7/7
  4893 | D:4      | Found a stormy altar of Qazlal.
  5068 | D:4      | Bought a +2 robe of willpower for 177 gold pieces
  5139 | D:5      | Entered Level 5 of the Dungeon
  5334 | D:5      | Reached skill level 8 in Short Blades
  5340 | D:5      | Found an ornate altar of the Wu Jian Council.
  5382 | D:5      | Reached * piety under Dithmenos
  5400 | D:5      | Reached skill level 9 in Short Blades
  5400 | D:5      | Gained mutation: You regenerate magic rapidly. [demonic
                  | ancestry]
  5400 | D:5      | Reached XP level 8. HP: 11/56 MP: 8/8
  5603 | D:5      | Found a broken altar of Ashenzari.
  6022 | D:5      | Found a sacrificial altar of Ru.
  6024 | D:5      | Found an opulent altar of Gozag.
  6025 | D:5      | Found a sparkling altar of Nemelex Xobeh.
  6317 | D:6      | Reached skill level 10 in Short Blades
  6408 | D:6      | Reached ** piety under Dithmenos
  6836 | D:6      | Reached skill level 11 in Short Blades
  6894 | D:6      | Gained mutation: You have hooves in place of feet. [demonic
                  | ancestry]
  6894 | D:6      | Reached XP level 9. HP: 54/61 MP: 9/9
  7477 | D:7      | Found a radiant altar of Vehumet.
  7751 | D:7      | Reached skill level 12 in Short Blades
  8371 | D:4      | Bought a +2 robe of cold resistance for 177 gold pieces
  8679 | D:8      | Noticed Amaemon
  8680 | D:8      | Noticed an orange demon
  8699 | D:8      | Killed an orange demon
  8704 | D:8      | HP: 3/61 [Amaemon/+1 demon whip of venom (5)]
  8704 | D:8      | Slain by Amaemon

Illustrated notes

Levels and vault maps discovered:
D:1:      wander_arrival_lonely_grave, layout_loops_ring, serial_bayou,
          serial_bayou_pond_a, serial_bayou_pond_e, serial_bayou_crossing,
          serial_bayou_ford_a, st_stairs_3, chequers_jeans, chequers_avenue,
          minmay_misc_feat_doors, minmay_tripent
D:2:      kb_forest_paths, layout_loops_corners,
          chequers_ecumenical_altar_grove, minmay_crystal_water
D:3:      layout_basic, minmay_surrounded, uniq_ijyb
D:4:      layout_basic, grunt_qazlal_clouds, xom_confusion_cloud,
          minmay_temple_entry_mini_moons, serial_shops, shop
D:5:      layout_cave_pools, nicolae_wu_jian_wuxing_cycle,
          mainiacjoe_overflow_surrounded_room,
          gammafunk_temple_overflow_forgotten
D:6:      layout_basic
D:7:      layout_loops_corners, mainiacjoe_overflow_catwalk
D:8:      wander_river, layout_layer_cave, dpeg_lair_monsters,
          chequers_serial_rivers_micro_a, minmay_three_doors, uniq_joseph,
          uniq_amaemon
Temple:   eino_narrow_crystal_temple

Skill      XL: |  1  2  3  4  5  6  7  8  9 |
---------------+----------------------------+-----
Short Blades   | 3 4 5 6 7 9 11 12 | 12.6
Fighting       | |  2.0
Throwing       | |  1.7
Dodging        | |  2.6

Action                     |  1- 3 |  4- 6 |  7- 9 || total
---------------------------+-------+-------+-------++-------
  Melee: Rapier            |    90 |   114 |    92 ||   296
         Kick              |    22 |    30 |    79 ||   131
         Punch             |       |     2 |     4 ||     6
         Short sword       |       |       |   141 ||   141
  Throw: Dart              |       |     4 |    29 ||    33
         Stone             |       |     1 |       ||     1
         Javelin           |       |     1 |     1 ||     2
         Throwing net      |       |       |     1 ||     1
  Evoke: Wand              |       |       |     7 ||     7
    Use: Scroll            |     4 |     7 |    10 ||    21
         Potion            |     3 |     4 |     3 ||    10
   Stab: Sleeping          |     2 |     3 |     6 ||    11
         Held in net/web   |       |       |     2 ||     2
 Armour: Robe              |     9 |    29 |    65 ||   103
         Leather armour    |     1 |       |    25 ||    26
  Dodge: Dodged            |    44 |    75 |   159 ||   278

Table legend: (Time is in decaauts)
 A = Elapsed time spent in this place.
 B = Non-inter-level travel time spent in this place.
 C = Inter-level travel time spent in this place.
 D = Time resting spent in this place.
 E = Time spent auto-exploring this place.
 F = Levels seen in this place.
 G = Mean time per level.
                   A        B        C        D        E       F      G
               +--------+--------+--------+--------+--------+-----+--------+
         Total |   8626 |   7173 |   1453 |   1271 |   4401 |   9 |  958.4 |
       Dungeon |   8415 |   6974 |   1441 |   1271 |   4211 |   8 | 1051.9 |
        Temple |    210 |    198 |     12 |      0 |    190 |   1 |  210.0 |
               +--------+--------+--------+--------+--------+-----+--------+

Top non-repeatable levels by time:
     D:2: 1716 daAuts
     D:4: 1625 daAuts
     D:7: 1129 daAuts
     D:5: 1029 daAuts
     D:3: 1007 daAuts
     D:6: 945 daAuts
     D:1: 888 daAuts
  Temple: 210 daAuts
     D:8: 73 daAuts
